MWL (24 & UNDER)
COLUMBIA 08S @ PLUMSTEAD EAGLES
06/08/2027
 
TOP OF THE 1ST
Columbia 08s batting - Pitching for Plumstead Eagles : RHP Cory Powell
Pitching: RHP Cory Powell
Batting: RHB Juan Trujillo 0-0: Ball
1-0: Ball
2-0: Ball
3-0: Base on Balls
Batting: RHB Pablo Díaz 0-0: Ball
1-0: Ball
2-0: Fly out, F4 (Popup, 3D)
Batting: SHB Juan Carlos González 0-0: Called Strike
Juan Trujillo is caught stealing 2nd base
0-1: Swinging Strike
0-2: Foul Ball, location: 2F
0-2: Fly out, F7 (Flyball, 7LMF)
Top of the 1st over - 0 run(s), 0 hit(s), 0 error(s), 0 left on base; Columbia 0 - Plumstead 0
BOTTOM OF THE 1ST
Plumstead Eagles batting - Pitching for Columbia 08s : RHP Renaldo Quilh
Pitching: RHP Renaldo Quilh
Batting: RHB Pablo Villarreal 0-0: Ball
1-0: Called Strike
1-1: Swinging Strike
1-2: Foul Ball, location: 2F
1-2: Strikes out looking
Batting: RHB Ethan Moore 0-0: Called Strike
0-1: Fly out, F9 (Flyball, 89S)
Batting: LHB António Salazar 0-0: Called Strike
0-1: Foul Ball, location: 2F
0-2: Ball
1-2: Ball
2-2: Foul Ball, location: 2F
2-2: Ground out 3-1 (Groundball, 34)
Bottom of the 1st over - 0 run(s), 0 hit(s), 0 error(s), 0 left on base; Columbia 0 - Plumstead 0
TOP OF THE 2ND
Columbia 08s batting - Pitching for Plumstead Eagles : RHP Cory Powell
Batting: RHB Chris Burrell 0-0: Called Strike
0-1: Swinging Strike
0-2: Ground out 6-3 (Groundball, 6)
Batting: RHB Pedro López 0-0: Ball
1-0: Ball
2-0: Ground out 5-3 (Groundball, 56S)
Batting: RHB Bernardo Corona 0-0: Fly out, F9 (Flyball, 89S)
Top of the 2nd over - 0 run(s), 0 hit(s), 0 error(s), 0 left on base; Columbia 0 - Plumstead 0
BOTTOM OF THE 2ND
Plumstead Eagles batting - Pitching for Columbia 08s : RHP Renaldo Quilh
Batting: RHB Howard Johnson 0-0: Called Strike
0-1: Swinging Strike
0-2: Fly out, F7 (Flyball, 78M)
Batting: RHB Juan Caceres 0-0: Ball
1-0: Fly out, F7 (Flyball, 78M)
Batting: RHB Carlos Palomón 0-0: Called Strike
0-1: Foul Ball, location: 2F
0-2: Ball
1-2: Fly out, F6 (Line Drive, 56)
Bottom of the 2nd over - 0 run(s), 0 hit(s), 0 error(s), 0 left on base; Columbia 0 - Plumstead 0
TOP OF THE 3RD
Columbia 08s batting - Pitching for Plumstead Eagles : RHP Cory Powell
Batting: RHB Vernon Sterling 0-0: Ball
1-0: Ball
2-0: Foul Ball, location: 2F
2-1: Foul Ball, location: 2F
2-2: Foul Ball, location: 2F
2-2: Ground out 4-3 (Groundball, 4)
Batting: LHB Dave Raines 0-0: Ball
1-0: Swinging Strike
1-1: Swinging Strike
1-2: Foul Ball, location: 2F
1-2: Ground out 6-3 (Groundball, 56)
Batting: RHB Henry Fox 0-0: Called Strike
0-1: Ball
1-1: Ground out 6-3 (Groundball, 6MD)
Top of the 3rd over - 0 run(s), 0 hit(s), 0 error(s), 0 left on base; Columbia 0 - Plumstead 0
BOTTOM OF THE 3RD
Plumstead Eagles batting - Pitching for Columbia 08s : RHP Renaldo Quilh
Batting: RHB Kolomon Meise 0-0: Ball
1-0: Foul Ball, location: 2F
1-1: Foul Ball, location: 2F
1-2: Ball
2-2: Foul Ball, location: 2F
2-2: Ball
3-2: Foul Ball, location: 2F
3-2: Base on Balls
Batting: RHB José Moreno 0-0: Ball
1-0: Ground out 5-3 (Groundball, 5S)
Kolomon Meise to second
Batting: SHB Arturo Sánchez 0-0: Foul Ball, location: 2F
0-1: Ball
1-1: Called Strike
1-2: Strikes out looking
Batting: RHB Pablo Villarreal 0-0: Foul Ball, location: 2F
0-1: Ball
1-1: Ball
2-1: Foul Ball, location: 2F
2-2: Ball
3-2: Base on Balls
Batting: RHB Ethan Moore 0-0: Called Strike
0-1: Ball
1-1: Called Strike
1-2: Fly out, F7 (Line Drive, 78XD)
Bottom of the 3rd over - 0 run(s), 0 hit(s), 0 error(s), 2 left on base; Columbia 0 - Plumstead 0
TOP OF THE 4TH
Columbia 08s batting - Pitching for Plumstead Eagles : RHP Cory Powell
Batting: RHB Juan Trujillo 0-0: Ball
1-0: SINGLE (Flyball, 78S)
Batting: RHB Pablo Díaz 0-0: Called Strike
Juan Trujillo steals 2nd base
0-1: Ball
Juan Trujillo steals 3rd base
1-1: Ball
2-1: Foul Ball, location: 2F
2-2: Ball
3-2: Ground out 4-3 (Groundball, 4)
Juan Trujillo scores
Batting: SHB Juan Carlos González 0-0: Called Strike
0-1: Reached on error, E4 (Groundball, 4D)
Batting: RHB Chris Burrell 0-0: Fly out, F9 (Flyball, 9LS)
Batting: RHB Pedro López 0-0: Ball
1-0: Foul Ball, location: 2F
1-1: Foul Ball, location: 2F
1-2: Foul Ball, location: 2F
1-2: Ball
2-2: Strikes out swinging
Top of the 4th over - 1 run(s), 1 hit(s), 1 error(s), 1 left on base; Columbia 1 - Plumstead 0
BOTTOM OF THE 4TH
Plumstead Eagles batting - Pitching for Columbia 08s : RHP Renaldo Quilh
Batting: LHB António Salazar 0-0: Swinging Strike
0-1: Fly out, F7 (Line Drive, 78M)
Batting: RHB Howard Johnson 0-0: Ball
1-0: SINGLE (Groundball, 56D)
Batting: RHB Juan Caceres 0-0: Ball
1-0: Foul Ball, location: 2F
1-1: Swinging Strike
1-2: Fly out, F4 (Popup, 3D)
Batting: RHB Carlos Palomón 0-0: Ball
1-0: Called Strike
1-1: Ball
2-1: Ground out 5-3 (Groundball, 25)
Bottom of the 4th over - 0 run(s), 1 hit(s), 0 error(s), 1 left on base; Columbia 1 - Plumstead 0
TOP OF THE 5TH
Columbia 08s batting - Pitching for Plumstead Eagles : RHP Cory Powell
Batting: RHB Bernardo Corona 0-0: Ball
1-0: Ball
2-0: Ground out 4-3 (Groundball, 4M)
Batting: RHB Vernon Sterling 0-0: Ball
1-0: Ground out 5-3 (Groundball, 56)
Batting: LHB Dave Raines 0-0: Called Strike
0-1: Ball
1-1: Called Strike
1-2: Foul Ball, location: 2F
1-2: Ground out 6-3 (Groundball, 6)
Top of the 5th over - 0 run(s), 0 hit(s), 0 error(s), 0 left on base; Columbia 1 - Plumstead 0
BOTTOM OF THE 5TH
Plumstead Eagles batting - Pitching for Columbia 08s : RHP Renaldo Quilh
Batting: RHB Kolomon Meise 0-0: Swinging Strike
0-1: Ball
1-1: Swinging Strike
1-2: Ball
2-2: Strikes out looking
Batting: RHB José Moreno 0-0: Swinging Strike
0-1: Ball
1-1: Ball
2-1: Ball
3-1: Called Strike
3-2: Foul Ball, location: 2F
3-2: Foul Ball, location: 2F
3-2: Base on Balls
Batting: SHB Arturo Sánchez 0-0: Ball
1-0: Ball
José Moreno steals 2nd base
2-0: Called Strike
2-1: Swinging Strike
2-2: Foul Ball, location: 2F
2-2: Strikes out swinging
Batting: RHB Pablo Villarreal 0-0: Ball
1-0: Fly out, F9 (Flyball, 9LS)
Bottom of the 5th over - 0 run(s), 0 hit(s), 0 error(s), 1 left on base; Columbia 1 - Plumstead 0
TOP OF THE 6TH
Columbia 08s batting - Pitching for Plumstead Eagles : RHP Cory Powell
Batting: RHB Henry Fox 0-0: Ball
1-0: Foul Ball, location: 2F
1-1: Ball
2-1: Ball
3-1: Base on Balls
Batting: RHB Juan Trujillo 0-0: Foul Ball, location: 2F
0-1: Ball
1-1: Fly out, F4 (Line Drive, 4)
Batting: RHB Pablo Díaz 0-0: Ball
1-0: Called Strike
1-1: Foul Ball, location: 2F
1-2: Strikes out swinging
Batting: SHB Juan Carlos González 0-0: Called Strike
0-1: Ball
1-1: Called Strike
1-2: Strikes out swinging
Top of the 6th over - 0 run(s), 0 hit(s), 0 error(s), 1 left on base; Columbia 1 - Plumstead 0
BOTTOM OF THE 6TH
Plumstead Eagles batting - Pitching for Columbia 08s : RHP Renaldo Quilh
Batting: RHB Ethan Moore 0-0: Ball
1-0: Ball
2-0: Foul Ball, location: 2F
2-1: Foul Ball, location: 2F
2-2: Strikes out swinging
Batting: LHB António Salazar 0-0: Ball
1-0: Ball
2-0: Foul Ball, location: 2F
2-1: Foul Ball, location: 2F
2-2: Foul Ball, location: 2F
2-2: SINGLE (Line Drive, 89M)
Pitching: RHP Charles Palmeiro
Batting: RHB Howard Johnson 0-0: Called Strike
0-1: TRIPLE (Flyball, 89M)
António Salazar scores
Batting: RHB Juan Caceres 0-0: Foul Ball, location: 2F
0-1: Ball
1-1: Ball
2-1: Ball
Passed Ball!
Howard Johnson scores
3-1: Base on Balls
Batting: RHB Carlos Palomón 0-0: Ball
1-0: Grounds into double play, 6-4-3 (Groundball, 6)
Bottom of the 6th over - 2 run(s), 2 hit(s), 0 error(s), 0 left on base; Columbia 1 - Plumstead 2
TOP OF THE 7TH
Columbia 08s batting - Pitching for Plumstead Eagles : RHP Cory Powell
Batting: RHB Chris Burrell 0-0: Ball
1-0: Ball
2-0: Ball
3-0: Base on Balls
Pinch Hitting: LHB Claudio Palácios 0-0: Ball
1-0: Foul Ball, location: 2F
1-1: Called Strike
1-2: Ball
2-2: Strikes out swinging
Pitching: LHP Joe Cates
Batting: RHB Bernardo Corona 0-0: Fly out, F7 (Flyball, 78M)
Batting: RHB Vernon Sterling 0-0: Ball
1-0: Hit by Pitch
Chris Burrell to second
Batting: LHB Dave Raines 0-0: Ball
1-0: Ball
2-0: Ball
3-0: Base on Balls
Chris Burrell to third
Vernon Sterling to second
Batting: RHB Henry Fox 0-0: Called Strike
0-1: Foul Ball, location: 2F
0-2: Foul Ball, location: 2F
0-2: Ball
1-2: Fly out, F3 (Popup, 34)
Top of the 7th over - 0 run(s), 0 hit(s), 0 error(s), 3 left on base; Columbia 1 - Plumstead 2
BOTTOM OF THE 7TH
Plumstead Eagles batting - Pitching for Columbia 08s : RHP Charles Palmeiro
Now in LF: Claudio Palácios
Batting: RHB Kolomon Meise 0-0: Foul Ball, location: 2F
0-1: Fly out, F9 (Flyball, 9S)
Batting: RHB José Moreno 0-0: Foul Ball, location: 2F
0-1: Ball
1-1: Foul Ball, location: 2F
1-2: Foul Ball, location: 2F
1-2: Ball
2-2: Ball
3-2: SINGLE (Line Drive, 4M)
Batting: SHB Arturo Sánchez 0-0: Ball
1-0: Foul Ball, location: 2F
1-1: 2-RUN HOME RUN (Flyball, 78XD), Distance : 410 ft
Pitching: RHP Irwin Conway
Batting: RHB Pablo Villarreal 0-0: Called Strike
0-1: Ball
1-1: Swinging Strike
1-2: Ball
2-2: Ball
3-2: Strikes out looking
Batting: RHB Ethan Moore 0-0: Ball
1-0: Called Strike
1-1: Foul Ball, location: 2F
1-2: Fly out, F7 (Flyball, 7S)
Bottom of the 7th over - 2 run(s), 2 hit(s), 0 error(s), 0 left on base; Columbia 1 - Plumstead 4
TOP OF THE 8TH
Columbia 08s batting - Pitching for Plumstead Eagles : LHP Joe Cates
Batting: RHB Juan Trujillo 0-0: Ball
1-0: Ground out 6-3 (Groundball, 6)
Batting: RHB Pablo Díaz 0-0: Called Strike
0-1: Swinging Strike
0-2: Foul Ball, location: 2F
0-2: Ball
1-2: Foul Ball, location: 2F
1-2: Ball
2-2: Ball
3-2: Strikes out swinging
Batting: SHB Juan Carlos González 0-0: SINGLE (Line Drive, 8LS)
Pitching: LHP Pat Bruce
Batting: RHB Chris Burrell 0-0: Called Strike
0-1: Ball
1-1: Ball
2-1: Swinging Strike
2-2: 2-RUN HOME RUN (Flyball, 78XD), Distance : 402 ft
Batting: LHB Claudio Palácios 0-0: Ball
1-0: Swinging Strike
1-1: SINGLE (Groundball, 5D)
Batting: RHB Bernardo Corona 0-0: Fly out, F9 (Flyball, 9S)
Top of the 8th over - 2 run(s), 3 hit(s), 0 error(s), 1 left on base; Columbia 3 - Plumstead 4
BOTTOM OF THE 8TH
Plumstead Eagles batting - Pitching for Columbia 08s : RHP Irwin Conway
Pitching: LHP José Reyes
Batting: LHB António Salazar 0-0: Ball
1-0: Foul Ball, location: 2F
1-1: Ground out U3 (Groundball, 3L)
Pitching: RHP Alejandro Hernández
Batting: RHB Howard Johnson 0-0: Called Strike
0-1: Ball
1-1: Ball
2-1: Swinging Strike
2-2: Strikes out swinging
Batting: RHB Juan Caceres 0-0: Called Strike
0-1: Foul Ball, location: 2F
0-2: Foul Ball, location: 2F
0-2: Strikes out looking
Bottom of the 8th over - 0 run(s), 0 hit(s), 0 error(s), 0 left on base; Columbia 3 - Plumstead 4
TOP OF THE 9TH
Columbia 08s batting - Pitching for Plumstead Eagles : LHP Pat Bruce
Pitching: RHP Manny Ramos
Now at 1B: Wilson Durán
Batting: RHB Vernon Sterling 0-0: Ball
1-0: Ball
2-0: Ball
3-0: Base on Balls
Batting: LHB Dave Raines 0-0: Called Strike
0-1: Ball
1-1: Ball
2-1: Swinging Strike
2-2: Foul Ball, location: 2F
2-2: Foul Ball, location: 2F
2-2: Foul Ball, location: 2F
2-2: Ball
3-2: Base on Balls
Vernon Sterling to second
Batting: RHB Henry Fox 0-0: Grounds into double play, 6-4-3 (Groundball, 6)
Vernon Sterling to third
Pinch Hitting: SHB Jorge Rodríguez 0-0: SINGLE (Flyball, 7LS)
Vernon Sterling scores
Batting: RHB Pablo Díaz 0-0: Swinging Strike
0-1: Ball
1-1: Swinging Strike
1-2: SINGLE (Groundball, 6MD)
Jorge Rodríguez to second
Batting: SHB Juan Carlos González 0-0: Ball
1-0: SINGLE (Groundball, 34D)
Jorge Rodríguez to third
Pablo Díaz to second
Runner from 3rd tries for Home, SAFE, throw made home
Pitching: LHP Pedro Rosado
Batting: RHB Chris Burrell 0-0: Ball
1-0: Foul Ball, location: 2F
1-1: Swinging Strike
1-2: Ball
2-2: Ball
3-2: Base on Balls
Pablo Díaz to third
Juan Carlos González to second
Pinch Hitting: RHB Jaime Hernández 0-0: Ball
1-0: Foul Ball, location: 2F
1-1: SINGLE (Line Drive, 7S)
Pablo Díaz scores
Juan Carlos González to third
Chris Burrell to second
Runner from 3rd tries for Home, SAFE, no throw
Batting: RHB Bernardo Corona 0-0: Ball
1-0: Called Strike
1-1: Ball
2-1: Fly out, F8 (Flyball, 8LS)
Top of the 9th over - 4 run(s), 4 hit(s), 0 error(s), 2 left on base; Columbia 7 - Plumstead 4
BOTTOM OF THE 9TH
Plumstead Eagles batting - Pitching for Columbia 08s : RHP Alejandro Hernández
Pitching: LHP León Hernández
Now in LF: Jaime Hernández
Now in CF: Jorge Rodríguez
Batting: RHB Carlos Palomón 0-0: Ball
1-0: Fly out, F7 (Line Drive, 7)
Batting: RHB Kolomon Meise 0-0: Ball
1-0: Called Strike
1-1: Foul Ball, location: 2F
1-2: Foul Ball, location: 2F
1-2: Strikes out swinging
Batting: RHB Wilson Durán 0-0: Ground out 5-3 (Groundball, 56S)
Bottom of the 9th over - 0 run(s), 0 hit(s), 0 error(s), 0 left on base; Columbia 7 - Plumstead 4
Thursday, March 30th, 2017 - OOTP Baseball 17.12 Build 75